 Dungeon Crawl Stone Soup version 0.29-a0-233-g1125b37a9b (webtiles) character file.

Game seed: 13856184122856376952

26 kae the Shield-Bearer (level 2, -4/27 HPs)
             Began as a Minotaur Fighter on Mar 1, 2022.
             Slain by a gnoll
             ... wielding a +0 flail of protection
              (10 damage)
             ... on level 1 of the Dungeon.
             The game lasted 00:00:13 (605 turns).

kae the Shield-Bearer (Minotaur Fighter)             Turns: 605, Time: 00:00:14

Health: -4/27      AC:  7    Str: 20    XL:     2   Next: 89%
Magic:  1/1        EV:  9    Int:  5    God:
Gold:   83         SH:  4    Dex:  9    Spells: 1/1 levels left

rFire   . . .      SeeInvis .   a - +0 war axe
rCold   . . .      Faith    .   c - +0 buckler
rNeg    . . .      Spirit   .   b - +0 scale mail
rPois   .          Reflect  .   (helmet restricted)
rElec   .          Harm     .   (no cloak)
rCorr   .          Rampage  .   (no gloves)
Will    .....                   (no boots)
Stlth   ..........              (no amulet)
HPRegen 0.09/turn               (no ring)
MPRegen 0.07/turn               (no ring)

@: no status effects
A: horns 2, retaliatory headbutt
a: no special abilities


You were on level 1 of the Dungeon.
You visited 1 branch of the dungeon, and saw 1 of its levels.

You collected 83 gold pieces.

Inventory:

Hand Weapons
 a - a +0 war axe (weapon)
Armour
 b - a +0 scale mail (worn)
 c - a +0 buckler (worn)
Jewellery
 e - a ring of see invisible
Scrolls
 f - a scroll of teleportation {unknown}
Potions
 d - 2 potions of might


   Skills:
 + Level 3.9 Fighting
 * Level 3.2 Axes
 + Level 3.9 Armour
 + Level 3.9 Shields


You had one spell level left.
You didn't know any spells.
Your spell library contained the following spells:

 Spells                   Type           Power      Damage    Failure   Level
 Summon Small Mammal      Summ           0%         N/A       89%         1
 Call Canine Familiar     Summ           0%         N/A       99%         3
 Summon Guardian Golem    Hex/Summ       0%         N/A       99%         3


Dungeon Overview and Level Annotations

Branches:
Dungeon (1/15)

Altars:


Innate Abilities, Weirdness & Mutations

You have a pair of horns on your head.
You reflexively headbutt those who attack you in melee.


Message History

The gnoll is moderately wounded.
The gnoll barely misses you. You furiously retaliate!
You headbutt the gnoll, but do no damage.
A hobgoblin comes into view.
There are monsters nearby!
You hit the gnoll.
The gnoll is severely wounded.
You hit the hobgoblin. The hobgoblin hits you. You block the gnoll's attack.
The hobgoblin closely misses you.
The gnoll hits you with a +0 flail of protection.
You closely miss the gnoll.
The gnoll is severely wounded.
You hit the hobgoblin but do no damage. The gnoll closely misses you.
The hobgoblin hits you.
There are monsters nearby!
You closely miss the gnoll. Your headbutt misses the gnoll.
The gnoll is severely wounded.
You closely miss the hobgoblin.
The gnoll hits you with a +0 flail of protection!
The hobgoblin hits you.
You are too injured to fight recklessly!
There are monsters nearby!
You are too injured to fight recklessly!
You are too injured to fight recklessly!
There are monsters nearby!
You are too injured to fight recklessly!
You are too injured to fight recklessly!
There are monsters nearby!
You are too injured to fight recklessly!
You are too injured to fight recklessly!
You are too injured to fight recklessly!
You are too injured to fight recklessly!
You closely miss the gnoll.
The gnoll is severely wounded.
You closely miss the hobgoblin.
The gnoll hits you with a +0 flail of protection.
* * * LOW HITPOINT WARNING * * *
The hobgoblin hits you but does no damage.
The gnoll hits you with a +0 flail of protection!
You die...

###+#####.#
##.......#.#
#........#.#####
###........#......
###.................
#.........##.#######
#.#.................
# #...[....#.#....##
#@g#.(##.#.#....#
#gg#.....#.#....##
#..#######>.....+.
#... ..###....##
#.### #.#..†.....
#.. #.#.####### ###
#.#.# #...#
#####.#########


You could see a gnoll and 2 hobgoblins.

Vanquished Creatures
  2 endoplasms (D:1)
  A giant cockroach (D:1)
  3 goblins (D:1)
  2 hobgoblins (D:1)
  6 jackals (D:1)
  3 kobolds (D:1)
  2 ball pythons (D:1)
  3 bats (D:1)
22 creatures vanquished.

Notes
Turn   | Place    | Note
-------+----------+-------------------------------------------
     0 | D:1      | kae the Minotaur Fighter began the quest for the Orb.
     0 | D:1      | Reached XP level 1. HP: 19/19 MP: 0/0
   157 | D:1      | Reached XP level 2. HP: 27/27 MP: 1/1
   605 | D:1      | Slain by a gnoll

Illustrated notes

Levels and vault maps discovered:
D:1:      matt_arrival_debris, layout_basic

Skill      XL: |  1  2 |
---------------+-------+-----
Axes           | 3 |  3.2
Fighting       | |  3.9
Armour         | |  3.9
Shields        | |  3.9

Action                   || total
-------------------------++-------
Melee: War axe           ||    55
       Headbutt          ||     5
Armor: Scale mail        ||    28
Dodge: Dodged            ||    34
Block: Buckler           ||    13

Table legend: (Time is in decaauts)
 A = Elapsed time spent in this place.
 B = Non-inter-level travel time spent in this place.
 C = Inter-level travel time spent in this place.
 D = Time resting spent in this place.
 E = Time spent auto-exploring this place.
 F = Levels seen in this place.
 G = Mean time per level.
                   A        B        C        D        E       F      G
               +--------+--------+--------+--------+--------+-----+--------+
         Total |    626 |    626 |      0 |      0 |    498 |   1 |  626.0 |
       Dungeon |    626 |    626 |      0 |      0 |    498 |   1 |  626.0 |
               +--------+--------+--------+--------+--------+-----+--------+

Top non-repeatable levels by time:
     D:1: 626 daAuts
